 Dungeon Crawl Stone Soup version 0.29-a0-8-g0446c0dae4 (webtiles) character file.

Game seed: 6579799351474069074

109 cyrus the Slasher (level 4, -3/41 HPs)
             Began as a Gnoll Cinder Acolyte on Jan 27, 2022.
             Was an Initiate of Ignis.
             Slain by Terence (4 damage)
             ... on level 2 of the Dungeon.
             The game lasted 00:05:54 (1376 turns).

cyrus the Slasher (Gnoll Cinder Acolyte)            Turns: 1376, Time: 00:05:55

Health: -3/41      AC:  6    Str: 15    XL:     4   Next: 90%
Magic:  8/8        EV:  9    Int: 14    God:    Ignis [......]
Gold:   82         SH:  0    Dex:  7    Spells: 7/9 levels left

rFire   + . .      SeeInvis .   a - -1 falchion (flame)
rCold   . . .      Faith    .   (no shield)
rNeg    . . .      Spirit   .   c - +0 scale mail
rPois   .          Reflect  .   (no helmet)
rElec   .          Harm     .   (no cloak)
rCorr   .          Rampage  .   (no gloves)
Will    .....                   (no boots)
Stlth   ..........              (no amulet)
HPRegen 0.13/turn               (no ring)
MPRegen 0.11/turn               (no ring)

@: no status effects
A: fangs 1, strong nose, distributed training
a: Renounce Religion


You were on level 2 of the Dungeon.
You worshipped Ignis.
Ignis was noncommittal.
You visited 1 branch of the dungeon, and saw 2 of its levels.

You collected 82 gold pieces.

Inventory:

Hand Weapons
 a - a -1 falchion of flaming (weapon)
Armour
 b - a +0 robe
 c - a +0 scale mail (worn)
Scrolls
 e - a scroll of immolation {unknown}
Potions
 d - a potion of degeneration {unknown}
 f - 2 potions of mutation {unknown}


   Skills:
 + Level 6.6 Fighting
 + Level 1.2 Short Blades
 + Level 6.6 Long Blades
 + Level 1.2 Axes
 + Level 1.2 Maces & Flails
 + Level 1.2 Polearms
 + Level 1.2 Staves
 + Level 1.2 Slings
 + Level 1.2 Bows
 + Level 1.2 Crossbows
 + Level 1.2 Throwing
 + Level 1.2 Armour
 + Level 1.2 Dodging
 + Level 1.2 Stealth
 + Level 1.2 Shields
 + Level 1.2 Unarmed Combat
 + Level 3.0 Spellcasting
 + Level 1.0 Conjurations
 + Level 1.0 Hexes
 + Level 1.0 Summonings
 + Level 1.0 Necromancy
 + Level 1.0 Translocations
 + Level 1.0 Transmutations
 + Level 5.5 Fire Magic
 + Level 1.0 Ice Magic
 + Level 1.0 Air Magic
 + Level 1.0 Earth Magic
 + Level 1.0 Poison Magic
 + Level 1.4 Invocations
 + Level 1.2 Evocations


You had 7 spell levels left.
You knew the following spells:

 Your Spells              Type           Power      Damage    Failure   Level
a - Scorch                Fire           34%        2d7       14%         2

Your spell library contained the following spells:

 Spells                   Type           Power      Damage    Failure   Level


Dungeon Overview and Level Annotations

Branches:
Dungeon (2/15)

Altars:

Annotations:
D:2 Terence


Innate Abilities, Weirdness & Mutations

You have very sharp teeth.
Your uncanny sense of smell can sniff out nearby items.
Your experience applies equally to all skills.


Message History

You barely miss Robin. Terence hits you but does no damage.
The giant cockroach barely misses you. Robin barely misses you.
Unknown command.
You hit Robin. You burn Robin. You bite Robin.
Robin is moderately wounded.
The giant cockroach closely misses you. Terence completely misses you.
Robin barely misses you.
The giant cockroach bites you but does no damage.
You slash Robin! You burn Robin. You bite Robin.
You kill Robin!
Terence closely misses you. The worm bites you.
The giant cockroach bites you but does no damage.
You barely miss the giant cockroach.
Terence hits you with a +4 hand axe of electrocution!
The giant cockroach closely misses you. The worm closely misses you.
You can't go down here!
Terence hits you with a +4 hand axe of electrocution!
The giant cockroach bites you.
You climb upwards.
There is a stone staircase leading down here.
You hit Terence. You burn Terence.
Terence is lightly wounded.
Terence hits you but does no damage.
The giant cockroach bites you but does no damage.
The worm bites you!
* * * LOW HITPOINT WARNING * * *
The giant cockroach barely misses you.
Terence hits you with a +4 hand axe of electrocution.
* * * LOW HITPOINT WARNING * * *
You climb downwards.
There is a stone staircase leading up, spattered with blood here.
Things that are here:
a +0 dagger; a goblin skeleton Terence closely misses you.
The giant cockroach bites you.
* * * LOW HITPOINT WARNING * * *
Items here: ) [[ †.
You closely miss Terence.
Terence is lightly wounded.
Terence hits you with a +4 hand axe of electrocution.
You die...

#..# .. ....## .
...... ...# #
)...). .#.#.#
..).$.###..#.#
....).)#)....
.........#.# ...
#@@#$.# .
.....##Bw)÷## ...
....).÷)[)..##.....
......#####.)..#
...... #.#### ....>
#.# ...>. #.. ....
#.# .... ..#


You could see Terence, a worm and a giant cockroach.

Vanquished Creatures
  Robin (D:2)
  4 gnolls (D:2)
  2 adders (D:2)
  A dart slug (D:1)
  3 endoplasms
  A giant cockroach (D:2)
  15 goblins
  5 hobgoblins
  A quokka (D:2)
  2 bats (D:1)
  A rat (D:1)
  A spectral goblin (D:1)
37 creatures vanquished.

Vanquished Creatures (others)
  56 foxfires
56 creatures vanquished.

Grand Total: 93 creatures vanquished

Notes
Turn   | Place    | Note
-------+----------+-------------------------------------------
     0 | D:1      | cyrus the Gnoll Cinder Acolyte began the quest for the Orb.
     0 | D:1      | Reached XP level 1. HP: 23/23 MP: 4/4
   181 | D:1      | Reached XP level 2. HP: 14/29 MP: 5/5
   466 | D:1      | Found a faded altar of an unknown god.
  1012 | D:2      | Noticed Robin
  1016 | D:2      | Reached XP level 3. HP: 34/35 MP: 7/7
  1019 | D:2      | Reached skill level 1 in Invocations
  1021 | D:2      | Reached skill level 1 in Short Blades
  1021 | D:2      | Reached skill level 1 in Axes
  1021 | D:2      | Reached skill level 1 in Maces & Flails
  1021 | D:2      | Reached skill level 1 in Polearms
  1021 | D:2      | Reached skill level 1 in Staves
  1021 | D:2      | Reached skill level 1 in Slings
  1021 | D:2      | Reached skill level 1 in Bows
  1021 | D:2      | Reached skill level 1 in Crossbows
  1021 | D:2      | Reached skill level 1 in Throwing
  1021 | D:2      | Reached skill level 1 in Armour
  1021 | D:2      | Reached skill level 1 in Dodging
  1021 | D:2      | Reached skill level 1 in Stealth
  1021 | D:2      | Reached skill level 1 in Shields
  1021 | D:2      | Reached skill level 1 in Unarmed Combat
  1021 | D:2      | Reached skill level 1 in Evocations
  1023 | D:2      | Reached XP level 4. HP: 35/41 MP: 8/8
  1023 | D:2      | Noticed Terence
  1029 | D:2      | Reached skill level 1 in Conjurations
  1029 | D:2      | Reached skill level 1 in Hexes
  1029 | D:2      | Reached skill level 1 in Summonings
  1029 | D:2      | Reached skill level 1 in Necromancy
  1029 | D:2      | Reached skill level 1 in Translocations
  1029 | D:2      | Reached skill level 1 in Transmutations
  1029 | D:2      | Reached skill level 1 in Ice Magic
  1029 | D:2      | Reached skill level 1 in Air Magic
  1029 | D:2      | Reached skill level 1 in Earth Magic
  1029 | D:2      | Reached skill level 1 in Poison Magic
  1360 | D:1      | Learned a level 2 spell: Scorch
  1368 | D:2      | Killed Robin
  1375 | D:2      | HP: 1/41 [giant cockroach (2)]
  1376 | D:2      | Slain by Terence

Illustrated notes

Levels and vault maps discovered:
D:1:      mrwooster_arrival_arrow, layout_loops_ring,
          dreamdust_ecumenical_altar_drowned_temple
D:2:      layout_rooms, uniq_robin, uniq_sigmund, uniq_terence

Skill      XL: |  1  2  3  4 |
---------------+-------------+-----
Invocations    | 1 |  1.4
Short Blades   | 1 |  1.2
Axes           | 1 |  1.2
Maces & Flails | 1 |  1.2
Polearms       | 1 |  1.2
Staves         | 1 |  1.2
Slings         | 1 |  1.2
Bows           | 1 |  1.2
Crossbows      | 1 |  1.2
Throwing       | 1 |  1.2
Armour         | 1 |  1.2
Dodging        | 1 |  1.2
Stealth        | 1 |  1.2
Shields        | 1 |  1.2
Unarmed Combat | 1 |  1.2
Evocations     | 1 |  1.2
Spellcasting   | 3 |  3.0
Conjurations   | 1 |  1.0
Hexes          | 1 |  1.0
Summonings     | 1 |  1.0
Necromancy     | 1 |  1.0
Translocations | 1 |  1.0
Transmutations | 1 |  1.0
Ice Magic      | 1 |  1.0
Air Magic      | 1 |  1.0
Earth Magic    | 1 |  1.0
Poison Magic   | 1 |  1.0
Fighting       | |  6.6
Long Blades    | |  6.6
Fire Magic     | |  5.5

Action                   |  1- 3 |  4- 6 || total
-------------------------+-------+-------++-------
Melee: Falchion          |    40 |     7 ||    47
       Bite              |     8 |     2 ||    10
Invok: Fiery Armour      |     1 |       ||     1
       Foxfire Swarm     |     6 |     3 ||     9
       Rising Flame      |       |     1 ||     1
  Use: Scroll            |     1 |       ||     1
Armor: Robe              |    10 |       ||    10
       Scale mail        |    13 |     7 ||    20
Dodge: Dodged            |    24 |    14 ||    38

Table legend: (Time is in decaauts)
 A = Elapsed time spent in this place.
 B = Non-inter-level travel time spent in this place.
 C = Inter-level travel time spent in this place.
 D = Time resting spent in this place.
 E = Time spent auto-exploring this place.
 F = Levels seen in this place.
 G = Mean time per level.
                   A        B        C        D        E       F      G
               +--------+--------+--------+--------+--------+-----+--------+
         Total |   1387 |   1387 |      0 |    466 |    598 |   2 |  693.5 |
       Dungeon |   1387 |   1387 |      0 |    466 |    598 |   2 |  693.5 |
               +--------+--------+--------+--------+--------+-----+--------+

Top non-repeatable levels by time:
     D:1: 1357 daAuts
     D:2: 29 daAuts
